 Dungeon Crawl Stone Soup version 0.19.5 (webtiles) character file.

6015 Rrauwl the Fighter (level 10, 0/81 HPs)
             Began as a Minotaur Berserker on Mar 16, 2017.
             Was an Elder of Trog.
             Killed from afar by an electric eel (10 damage)
             ... with a bolt of electricity
             ... on level 9 of the Dungeon.
             The game lasted 00:31:33 (8151 turns).

Rrauwl the Fighter (Minotaur Berserker)             Turns: 8151, Time: 00:31:34

Health: 0/81       AC: 15    Str: 25    XL:     10   Next: 56%
Magic:  9/9        EV:  9    Int:  4    God:    Trog [****..]
Gold:   517        SH: 12    Dex: 10    Spells: 0 memorised, 9 levels left

rFire  . . .     SeeInvis +     e - +1 hand axe (drain)
rCold  . . .     Gourm    .     D - +0 plate armour
rNeg   . . .     Faith    .     l - +1 shield
rPois  +         Spirit   .     (helmet unavailable)
rElec  .         Reflect  .     (no cloak)
rCorr  .         Harm     .     o - +0 pair of gloves
MR     +++..     Rnd*Tele +     (no boots)
Stlth  ..........               (no amulet)
                                (no ring)
                                p - ring of protection from magic

@: regenerating
A: retaliatory headbutt, fangs 1, horns 3, talons 1, see invisible, frail 1,
poison resistance, teleportitis 1
a: Berserk, Trog's Hand, Brothers in Arms, Burn Spellbooks, Renounce Religion


You were on level 9 of the Dungeon.
You worshipped Trog.
Trog was greatly pleased with you.
You were hungry.

You visited 1 branch of the dungeon, and saw 9 of its levels.

You collected 517 gold pieces.

Inventory:

Hand Weapons
 e - a +1 hand axe of draining (weapon)
 m - a +1 whip of electrocution
Missiles
 u - 3 tomahawks of returning (quivered)
Armour
 l - a +1 shield (worn)
 o - a +0 pair of gloves (worn)
 D - a +0 plate armour (worn)
Jewellery
 p - a ring of protection from magic (left hand)
Wands
 b - a wand of random effects (26/48)
 x - a wand of polymorph (10/24)
 y - a wand of slowing (9/48)
Scrolls
 a - 2 scrolls of magic mapping
 d - a scroll of fog
 g - 3 scrolls of recharging
 i - 2 scrolls of enchant armour
 j - 2 scrolls of remove curse
 n - 12 scrolls of identify
 t - 3 scrolls of amnesia
 v - 4 scrolls of teleportation
 z - a scroll of immolation
Potions
 r - 2 potions of flight
Books
 f - a book of Cantrips

   Spells                             Type                      Level
   a - Confusing Touch                Hexes                        1
   b - Animate Skeleton               Necromancy                   1
   c - Summon Small Mammal            Summoning                    1
   d - Apportation                    Translocation                1
   Trog disapproves of the use of such an item.
 k - a book of Geomancy

   Spells                             Type                      Level
   a - Sandblast                      Earth                        1
   b - Passwall                       Transmutation/Earth          2
   c - Stone Arrow                    Conjuration/Earth            3
   d - Petrify                        Transmutation/Earth          4
   e - Lee's Rapid Deconstruction     Earth                        5
   Trog disapproves of the use of such an item.
 C - a book of Maledictions

   Spells                             Type                      Level
   a - Corona                         Hexes                        1
   b - Ensorcelled Hibernation        Hexes/Ice                    2
   c - Confuse                        Hexes                        3
   d - Tukima's Dance                 Hexes                        3
   e - Dazzling Spray                 Conjuration/Hexes            3
   Trog disapproves of the use of such an item.
Comestibles
 c - 5 bread rations
 h - 2 meat rations
 w - 12 royal jellies
 A - a beef jerky
 B - 2 chunks of flesh


   Skills:
 + Level 9.5 Fighting
 + Level 9.2 Axes
 + Level 9.1 Armour
 + Level 8.3 Dodging
 + Level 8.1 Shields


You had 9 spell levels left.
You didn't know any spells.

Dungeon Overview and Level Annotations

Branches:
Dungeon (9/15)             Temple (0/1) D:7            Lair (0/6) D:9
    Orc: D:9-12

Altars:
Qazlal


Innate Abilities, Weirdness & Mutations

You reflexively headbutt those who attack you in melee.
You have a pair of large horns on your head.
You have very sharp teeth.
You have sharp toenails.
You have supernaturally acute eyesight. (SInv)
You are frail. (-10% HP)
Your system is resistant to poisons. (rPois)
You are occasionally teleported next to monsters.


Message History

Moving in this stuff is going to be slow.
The electric eel shoots out a bolt of lightning at you!
The bolt of electricity hits you!
* * * LOW HITPOINT WARNING * * *
The bolt of electricity hits the plant.
Your unstable footing causes you to fumble your attack.
The electric eel shoots out a bolt of lightning at you!
The bolt of electricity hits you!
* * * LOW HITPOINT WARNING * * *
Unknown command.
Press: ? - help, v - describe, . - travel Some shallow water.
Okay, then.
Okay, then.
Your skin crawls.
You feel resistant to hostile enchantments.
You are feeling hungry.
The electric eel shoots out a bolt of lightning at you!
The bolt of electricity hits you!
You die...

...###### ...#######
.......... .... .........
.......... .... .........
......... ... .........
.......# #####.###........
.......# .................
<......# ..........)......
.......# .....≈≈≈;..P≈P≈≈.
.......+ .....≈≈@≈..≈PP≈≈.
#####..# .....≈P≈;PP≈≈PP≈.
[...#..#######≈≈≈≈≈≈P≈≈≈P#
....#........(≈≈≈≈PP≈≈≈P≈#
....#.........P≈≈≈≈P≈P≈P≈#
##'##........♣≈≈≈≈≈≈≈≈≈PP♣
..........###♣≈P≈≈≈≈≈≈≈≈P♣
..........# ♣♣≈P≈≈≈≈≈≈≈≈
..........#


You could see 2 electric eels.

Vanquished Creatures
  Joseph (D:8)
  Psyche (D:8)
  A troll (D:9)
  Grinder (D:5)
  A hippogriff (D:8)
  8 spriggans (D:9)
  A yak (D:9)
  A hungry ghost (D:7)
  An ice beast (D:5)
  An eye of draining (D:9)
  3 sky beasts
  5 ogres
  A phantom (D:5)
  3 centaurs
  A big kobold (D:9)
  5 bullfrogs
  3 scorpions
  2 howler monkeys
  3 wights (D:7)
  6 electric eels (D:9)
  2 bullfrog zombies
  2 crimson imps
  A centaur zombie (D:6)
  A hound (D:3)
  4 orc priests
  A bullfrog skeleton (D:9)
  5 jellies
  A centaur skeleton (D:8)
  6 orc wizards
  2 iguanas
  5 worker ants
  2 hound zombies
  A worker ant zombie (D:9)
  8 adders
  6 gnolls
  2 howler monkey skeletons (D:7)
  4 shadow imps
  6 oozes
  An adder zombie (D:5)
  2 adder skeletons
  2 dart slugs
  4 leopard geckos (D:6)
  15 orcs
  9 bats
  2 giant cockroaches
  11 goblins
  5 hobgoblins
  12 kobolds
  6 quokkas
  A ball python (D:5)
  6 frilled lizards
  9 rats
193 creatures vanquished.

Vanquished Creatures (collateral kills)
  2 kobolds (D:9)
2 creatures vanquished.

Vanquished Creatures (others)
  An orc (D:6)
1 creature vanquished.

Grand Total: 196 creatures vanquished

Notes
Turn   | Place    | Note
-------+----------+-------------------------------------------
     0 | D:1      | Rrauwl the Minotaur Berserker began the quest for the Orb.
     0 | D:1      | Reached XP level 1. HP: 19/19 MP: 0/0
   200 | D:1      | Reached XP level 2. HP: 27/27 MP: 1/1
   966 | D:2      | Reached XP level 3. HP: 14/33 MP: 2/2
  1647 | D:2      | Reached skill level 1 in Shields
  1841 | D:3      | Reached ** piety under Trog
  2179 | D:3      | Reached XP level 4. HP: 41/41 MP: 3/3
  2938 | D:4      | Reached XP level 5. HP: 45/47 MP: 4/4
  2952 | D:4      | Reached skill level 5 in Fighting
  3547 | D:5      | Entered Level 5 of the Dungeon
  3547 | D:5      | Noticed a centaur
  3547 | D:5      | Noticed a phantom
  3591 | D:5      | Reached XP level 6. HP: 56/56 MP: 5/5
  3787 | D:5      | Noticed Grinder
  3792 | D:5      | Paralysed by Grinder for 3 turns
  3796 | D:5      | Paralysed by Grinder for 4 turns
  3814 | D:5      | Paralysed by Grinder for 7 turns
  3824 | D:5      | Killed Grinder
  3824 | D:5      | Reached skill level 5 in Axes
  3824 | D:5      | Reached XP level 7. HP: 22/62 MP: 6/6
  4256 | D:5      | Reached skill level 5 in Armour
  4652 | D:6      | Noticed a fire elemental
  4654 | D:6      | Found a stormy altar of Qazlal.
  4656 | D:6      | Noticed a water elemental
  4656 | D:6      | Noticed an air elemental
  4674 | D:6      | Reached skill level 5 in Dodging
  4679 | D:6      | Reached XP level 8. HP: 71/71 MP: 7/7
  4889 | D:6      | Reached *** piety under Trog
  4914 | D:6      | Reached skill level 5 in Shields
  5770 | D:7      | Found a staircase to the Ecumenical Temple.
  6019 | D:7      | Reached XP level 9. HP: 79/79 MP: 8/8
  6476 | D:8      | Noticed Joseph
  6488 | D:8      | Killed Joseph
  6553 | D:8      | Noticed Psyche
  6561 | D:8      | Killed Psyche
  6611 | D:8      | Gained mutation: You are frail. (-10% HP) [potion of mutation]
  6611 | D:8      | Gained mutation: You are very frail. (-20% HP) [potion of mutation]
  6611 | D:8      | Gained mutation: You have a pair of large horns on your head. [potion of mutation]
  7047 | D:9      | Reached **** piety under Trog
  7118 | D:9      | Gained mutation: You are occasionally teleported next to monsters. [potion of mutation]
  7118 | D:9      | Gained mutation: You have very sharp teeth. [potion of mutation]
  7269 | D:9      | Found a staircase to the Lair.
  7542 | D:9      | Reached XP level 10. HP: 61/72 MP: 9/9
  7865 | D:9      | Lost mutation: You are very frail. (-20% HP) [mutagenic meat]
  7955 | D:9      | Gained mutation: You have supernaturally acute eyesight. (SInv) [mutagenic meat]
  7956 | D:9      | Gained mutation: Your system is resistant to poisons. (rPois) [mutagenic meat]
  7957 | D:9      | Gained mutation: You have sharp toenails. [mutagenic meat]
  8151 | D:9      | Killed from afar by an electric eel

Skill      XL: |  1  2  3  4  5  6  7  8  9 10 |
---------------+-------------------------------+-----
Fighting       | 4 5 6 7 8 9 |  9.5
Armour         | 3 4 5 6 8 9 |  9.1
Shields        | 1 2 3 4 5 7 8 |  8.1
Axes           | 4 5 7 8 9 |  9.2
Dodging        | 3 4 5 6 7 8 |  8.3

Action                   |  1- 3 |  4- 6 |  7- 9 | 10-12 || total
-------------------------+-------+-------+-------+-------++-------
Melee: Hand axe          |   109 |    95 |   338 |    99 ||   641
       Headbutt          |    13 |    19 |    68 |    16 ||   116
       Bite              |       |       |     1 |     5 ||     6
       Kick              |       |       |       |     8 ||     8
Throw: Tomahawk          |       |     3 |       |       ||     3
Invok: Berserk           |     1 |     1 |     9 |     1 ||    12
       Trog's Hand       |       |       |     2 |     1 ||     3
       Brothers in Arms  |       |       |       |     1 ||     1
  Use: Scroll            |       |       |    12 |     1 ||    13
       Potion            |       |       |    11 |     1 ||    12
 Stab: Sleeping          |     1 |       |       |       ||     1
       Distracted        |       |       |     1 |       ||     1
  Eat: Chunk             |     4 |     2 |    15 |    12 ||    33
       Fruit             |     2 |     1 |     3 |       ||     6
       Beef jerky        |       |     1 |       |       ||     1
       Pizza             |       |       |     1 |       ||     1
       Meat ration       |       |       |     1 |       ||     1
Armor: Animal skin       |    16 |       |       |       ||    16
       Chain mail        |    28 |    40 |    94 |    21 ||   183
       Plate armour      |       |       |       |     1 ||     1
Dodge: Dodged            |    38 |    20 |    59 |    17 ||   134
Block: Shield            |    21 |    25 |   153 |    35 ||   234
